 Dungeon Crawl Stone Soup version 0.30.1-11-g7821555f0a (webtiles) character file.

Game seed: 3314941102197317891

78 monsoonserge the Gusty (level 4, 0/24 HPs)
             Began as a Tengu Air Elementalist on Nov 17, 2023.
             Slain by an orc
             ... wielding a +0 short sword
              (2 damage)
             ... on level 4 of the Dungeon.
             The game lasted 00:04:01 (1775 turns).

monsoonserge the Gusty (Tengu Air Elementalist)     Turns: 1775, Time: 00:04:02

Health: 0/24       AC:  4    Str:  8    XL:     4   Next: 36%
Magic:  1/8        EV: 12    Int: 18    God:
Gold:   135        SH:  0    Dex: 14    Spells: 3/7 levels left

rFire   . . .        d - +2 short sword (drain)
rCold   . . .        (no shield)
rNeg    . . .        g - +0 leather armour
rPois   .            i - +1 hat
rElec   .            (no cloak)
rCorr   .            (no gloves)
SInv    .            (boots unavailable)
Will    .....        (no amulet)
Stlth   ++           (no ring)
HPRegen 0.24/turn    (no ring)
MPRegen 0.11/turn

%: no passive effects
@: no status effects
A: beak, talons 3
a: no special abilities


You were on level 4 of the Dungeon.
You visited 1 branch of the dungeon, and saw 4 of its levels.

You collected 135 gold pieces.

Inventory:

Hand Weapons
 d - a +2 short sword of draining (weapon)
Missiles
 l - 4 poisoned darts (quivered)
Armour
 g - a +0 leather armour (worn)
 i - a +1 hat (worn)
Scrolls
 c - 3 scrolls of vulnerability {unknown}
 e - 3 scrolls of poison {unknown}
 f - 3 scrolls of enchant armour {unknown}
 j - a scroll of torment {unknown}
 m - a scroll of teleportation {unknown}
Potions
 a - a potion of invisibility {unknown}
 b - a potion of magic
 h - a potion of lignification {unknown}
 k - a potion of degeneration {unknown}
 n - a potion of ambrosia {unknown}
 o - a potion of heal wounds {unknown}


   Skills:
 + Level 0.1 Fighting
 + Level 0.5 Short Blades
 * Level 0.9 Armour
 + Level 3.0 Dodging
 + Level 2.2 Stealth
 + Level 2.4 Spellcasting
 + Level 1.5 Conjurations
 + Level 5.1 Air Magic


You had 3 spell levels left.
You knew the following spells:

 Your Spells              Type           Power      Damage    Failure   Level
a - Shock                 Conj/Air       56%        1d6       6%          1
b - Swiftness             Air            20%        N/A       9%          3

Your spell library contained the following spells:

 Spells                   Type           Power      Damage    Failure   Level
 Static Discharge         Conj/Air       28%        2-4/arc   10%         2
 Portal Projectile        Hex/Tloc       4%         N/A       58%         3
 Tukima's Dance           Hex            2%         N/A       58%         3
 Airstrike                Air            10%        2d(2-18)  28%         4
 Blade Hands              Tmut           1%         N/A       100%        5


Dungeon Overview and Level Annotations

Branches:
Dungeon (4/15)
 Temple: D:4-7

Altars:
Dithmenos


Innate Abilities, Weirdness & Mutations

You have a beak for a mouth.
You have claws for feet.


Message History

Confirm with . or Enter, or press ? or * to list all spells.
Aiming: Shock (safe; 6% risk of failure)
Press: ? - help, Shift-Dir - straight line, f/p - orc
Aim: an orc, wielding a +0 short sword and wearing a +0 leather armour (severely wounded, 71% to hit)
The zap hits the orc wizard.
The orc wizard is moderately wounded.
The zap hits the orc.
The orc is heavily wounded.
The zap misses the orc.
You barely miss the orc. You claw the orc.
You kill the orc!
You hit the orc wizard.
The orc wizard is heavily wounded.
You closely miss the orc wizard.
You claw the orc wizard, but do no damage.
The orc wizard is heavily wounded.
The orc wizard hits you with a +0 vampiric dagger.
The orc wizard draws strength from your wounds!
The orc closely misses you.
You completely miss the orc wizard. You claw the orc wizard.
The orc wizard is severely wounded.
The orc wizard points at you and mumbles some strange words.
You resist with some effort. The orc hits you with a +0 short sword.
* * * LOW HITPOINT WARNING * * *
Unknown command.
You closely miss the orc wizard. Your kick misses the orc wizard.
You peck the orc wizard, but do no damage.
The orc wizard is severely wounded.
The orc wizard completely misses you. The orc hits you with a +0 short sword.
* * * LOW HITPOINT WARNING * * *
Unknown command.
You closely miss the orc wizard.
You claw the orc wizard, but do no damage.
Your peck misses the orc wizard.
The orc wizard is severely wounded.
The orc wizard hits you with a +0 vampiric dagger.
* * * LOW HITPOINT WARNING * * *
The orc wizard draws strength from your wounds!
The orc hits you with a +0 short sword.
You die...

...#.. ...#. ##
.... ...## ...
....##.. #..#..#
#....#####
#########@.....#
........oo##.....
#######.#.......#
#.##....... ..#
...... ..##
...... #.# ......
#. ...... .. ....


You could see an orc wizard and an orc.

Vanquished Creatures
  2 adders (D:2)
  A gnoll (D:3)
  2 worms (D:2)
  A dart slug (D:2)
  5 orcs
  2 bats
  An endoplasm (D:2)
  3 goblins
  4 hobgoblins
  4 jackals (D:2)
  2 kobolds (D:1)
  4 quokkas (D:2)
  A frilled lizard (D:3)
  3 rats (D:1)
35 creatures vanquished.

Notes
Turn   | Place    | Note
-------+----------+-------------------------------------------
     0 | D:1      | monsoonserge the Tengu Air Elementalist began the quest for
                  | the Orb.
     0 | D:1      | Reached XP level 1. HP: 10/10 MP: 4/4
   333 | D:1      | You fall into a shaft and drop 1 floor!
   370 | D:2      | Reached XP level 2. HP: 15/15 MP: 1/6
   485 | D:2      | Reached XP level 3. HP: 19/19 MP: 1/7
   494 | D:2      | Learned a level 3 spell: Swiftness
  1173 | D:2      | Found a shadowy altar of Dithmenos.
  1447 | D:2      | Reached skill level 5 in Air Magic
  1717 | D:3      | Reached XP level 4. HP: 23/24 MP: 8/8
  1775 | D:4      | Slain by an orc

Illustrated notes

Levels and vault maps discovered:
D:1:      lightli_arrival_farm, layout_loops_ring
D:2:      layout_basic, basic_altar
D:3:      layout_loops_ring, serial_co_window_serial, co_window_corner_a,
          co_window_corner_a, co_window_corner_a, co_window_paths_a,
          co_window_corner_a, co_window_corner_a, co_window_unsneaky_path_d,
          co_window_cross_2, co_window_of_opportunity_b, glass_columns_b,
          glass_columns_c
D:4:      layout_rooms

Skill      XL: |  1  2  3 |
---------------+----------+-----
Dodging        | 3 |  3.0
Air Magic      | 5 |  5.1
Fighting       | |  0.1
Short Blades   | |  0.5
Armour         | |  0.9
Stealth        | |  2.2
Spellcasting   | |  2.4
Conjurations   | |  1.5

Action                     |  1- 3 |  4- 6 || total
---------------------------+-------+-------++-------
  Melee: Short sword       |    26 |     7 ||    33
         Kick              |     5 |     4 ||     9
         Peck              |     1 |     1 ||     2
         Punch             |     1 |       ||     1
   Cast: Shock             |    34 |    10 ||    44
   Stab: Sleeping          |     1 |       ||     1
 Armour: Robe              |     1 |       ||     1
         Leather armour    |     5 |     3 ||     8
  Dodge: Dodged            |    11 |    10 ||    21
